AoeStats
← cicetala1

Black Forest

510864879Analyzed
3v3 RM · 24h ago on Oct 2, 2026· 24m 57s· 6 players
Game mode
Random Map
Map size
Normal (6 player)
Population
200
Speed
Normal
Resources
Standard
Victory
Conquest
Starting age
Dark Age
Ending age
Imperial Age
RankedLock teamsTeams togetherTeam positionsShared explorationLock speedFull tech treeHidden civsTurbo modeCheats
Victory
Defeat
🇨🇦 Byzantines · Canada
642
+15
🇨🇦 Khmer · Canada
556
+18
🇨🇭 Danes · Switzerland
283
+28
🇪🇸 Lithuanians · Spain
660
-50
🇪🇸 Franks · Spain
623
-38
🇪🇸 Goths · Spain
518
-18
Max PaUra
0:39 Loom
17:43 Feudal Age
19:42 Wheelbarrow
18:54 Town Watch
19:51 Man-at-Arms
20:18 Arson
21:43 Scale Mail Armor
24:05 Forging
DAZACO
0:41 Loom
14:23 Feudal Age
14:57 Man-at-Arms
15:28 Arson
19:47 Scale Mail Armor
21:03 Forging
Houdini Dre
2:54 Loom
13:25 Feudal Age
13:47 Horse Collar
13:52 Double-Bit Axe
19:21 Wheelbarrow
19:57 Gold Mining
23:52 Castle Age
25:07 Bow Saw
25:01 Heavy Plow
25:43 Gold Shaft Mining
25:00 Stone Mining
25:46 Hand Cart
Kb.Sotiips
12:58 Feudal Age
24:32 Castle Age
vencen
12:01 Feudal Age
18:28 Wheelbarrow
cicetala1
1:59 Loom
13:25 Feudal Age
13:55 Double-Bit Axe
13:54 Horse Collar
19:21 Wheelbarrow
18:32 Town Watch
19:59 Stone Mining
20:02 Gold Mining
25:07 Scale Barding Armor
25:02 Scale Mail Armor
25:03 Padded Archer Armor
24:54 Fletching
25:16 Forging
24:30 Man-at-Arms
24:56 Arson
25:05 Arson
Connection lost

Rejoining the realm…

Still unreachable

The connection could not be restored.

Session expired

The server has moved on; the page needs a fresh start.